 Dungeon Crawl Stone Soup version 0.20-a0-641-g673355a (webtiles) character file.

333 Laan the Magician (level 6, -1/32 HPs)
             Began as a Deep Elf Ice Elementalist on Feb 14, 2017.
             Slain by Duvessa
             ... wielding a +0 short sword
              (8 damage)
             ... on level 4 of the Dungeon.
             The game lasted 00:13:28 (3754 turns).

Laan the Magician (Deep Elf Ice Elementalist)       Turns: 3754, Time: 00:13:28

Health: -1/32      AC:  2    Str:  5    XL:     6   Next: 27%
Magic:  3/17       EV: 13    Int: 22    God:
Gold:   146        SH:  0    Dex: 18    Spells: 14/17 levels left

rFire    . . .     SeeInvis .   e - +0 short sword
rCold    . . .     Gourm    .   a - +0 robe
rNeg     . . .     Faith    .   (no shield)
rPois    .         Spirit   .   (no helmet)
rElec    .         Reflect  .   (no cloak)
rCorr    .         Harm     .   (no gloves)
MR       .....                  (no boots)
Stlth    ++........             (no amulet)
Regen    0.1/turn               (no ring)
MPRegen  0.2/turn               m - +3 ring of dexterity

@: no status effects
A: no striking features
a: no special abilities


You were on level 4 of the Dungeon.
You were not hungry.

You visited 1 branch of the dungeon, and saw 4 of its levels.

You collected 146 gold pieces.

Inventory:

Hand Weapons
 e - a +0 short sword (weapon)
Armour
 a - a +0 robe (worn)
Jewellery
 g - an uncursed amulet of guardian spirit
 m - a +3 ring of dexterity (left hand)
Wands
 q - a wand of flame (42/48)
Scrolls
 i - 6 scrolls of identify
 j - a scroll of enchant weapon {unknown}
 k - 2 scrolls of recharging
 o - a scroll of noise {unknown}
 p - a scroll of random uselessness {unknown}
 r - a scroll of teleportation {unknown}
Potions
 l - 3 potions of curing
 n - a potion of brilliance
 t - a potion of flight {unknown}
Books
 b - a book of Frost

   Spells                             Type                      Level
   a - Freeze                         Ice                          1
   b - Throw Frost                    Conjuration/Ice              2
   c - Ozocubu's Armour               Charms/Ice                   3
   d - Throw Icicle                   Conjuration/Ice              4
   e - Summon Ice Beast               Ice/Summoning                4
Comestibles
 c - 4 bread rations
 f - 7 fruits
 h - a meat ration
 s - a royal jelly


   Skills:
 - Level 2.4 Dodging
 - Level 2.4 Stealth
 + Level 6.1 Spellcasting
 * Level 5.2 Conjurations
 - Level 3.6 Ice Magic


You had 14 spell levels left.
You knew the following spells:

 Your Spells              Type           Power        Failure   Level  Hunger
a - Freeze                Ice            ###.         1%          1    None
b - Throw Frost           Conj/Ice       ####..       2%          2    None


Dungeon Overview and Level Annotations

Branches:
Dungeon (4/15)
 Temple: D:4-7

Altars:
Dithmenos
Elyvilon
Hepliaklqana
Ru

Annotations:
D:4 Duvessa


Message History

Duvessa hits you with a short sword!
Casting: Freeze
Confirm with . or Enter, or press ? or * to list all spells.
Aiming: Freeze
Press: ? - help, Shift-Dir - straight line, f - Duvessa
Aim: Duvessa, wielding a short sword (heavily wounded, berserk, fast, unusually strong)
You freeze Duvessa.
Duvessa is severely wounded.
Duvessa hits you but does no damage.
Casting: Freeze
Confirm with . or Enter, or press ? or * to list all spells.
Aiming: Freeze
Press: ? - help, Shift-Dir - straight line, f/p - Duvessa
Aim: Duvessa, wielding a short sword (severely wounded, berserk, fast, unusually strong)
You freeze Duvessa.
Duvessa is severely wounded.
Duvessa hits you with a short sword.
* * * LOW HITPOINT WARNING * * *
Duvessa hits you with a short sword!
You die...

.#.####.#
.....#.# .....#.#
#..#.#####.#
#..........#
..##....<...#
_.......###.#
..#####.###.#####
#.e@..?....
#####.##### .> ##


You could see Duvessa (berserk).

Vanquished Creatures
  Dowan (D:4)
  An orc priest (D:3)
  Natasha (thrice) (D:3)
  Robin (D:2)
  4 gnolls (D:3)
  3 adders
  2 oozes
  A worm (D:3)
  4 orcs (D:3)
  A giant cockroach (D:1)
  17 goblins
  12 hobgoblins
  7 jackals
  A quokka (D:3)
  7 bats
  3 frilled lizards
  14 kobolds
  9 rats
91 creatures vanquished.

Notes
Turn   | Place    | Note
-------+----------+-------------------------------------------
     0 | D:1      | Laan the Deep Elf Ice Elementalist began the quest for the Orb.
     0 | D:1      | Reached XP level 1. HP: 10/10 MP: 6/6
   299 | D:1      | Reached XP level 2. HP: 15/15 MP: 4/8
   416 | D:1      | Learned a level 2 spell: Throw Frost
   652 | D:1      | Reached skill level 4 in Spellcasting
   801 | D:1      | Reached XP level 3. HP: 19/19 MP: 8/10
  1113 | D:2      | Found a white marble altar of Elyvilon.
  1196 | D:2      | Noticed Robin
  1316 | D:2      | Found a shadowy altar of Dithmenos.
  1650 | D:2      | Killed Robin
  1650 | D:2      | Reached XP level 4. HP: 12/24 MP: 3/12
  2281 | D:3      | Reached skill level 5 in Spellcasting
  2349 | D:3      | Reached XP level 5. HP: 15/28 MP: 5/14
  2982 | D:3      | Found a sacrificial altar of Ru.
  3222 | D:3      | Noticed Natasha
  3234 | D:3      | Killed Natasha
  3342 | D:3      | Noticed Natasha
  3347 | D:3      | Killed Natasha
  3412 | D:3      | Noticed Natasha
  3415 | D:3      | Killed Natasha
  3415 | D:3      | Reached XP level 6. HP: 32/32 MP: 11/16
  3735 | D:4      | Noticed Duvessa
  3735 | D:4      | Noticed Dowan
  3745 | D:4      | Found a hazy altar of Hepliaklqana.
  3752 | D:4      | Killed Dowan
  3752 | D:4      | Reached skill level 6 in Spellcasting
  3752 | D:4      | Reached skill level 5 in Conjurations
  3754 | D:4      | Slain by Duvessa

Vault maps used:
D:1:      minmay_arrival_wavy_path, minmay_misc_feat_doors, st_stairs_12
D:2:      lemuel_crystal_altar, grunt_ministairs_11,
          grunt_dithmenos_smoke_and_mirrors, uniq_robin
D:3:      first_bread, nicolae_ru_path_of_blood, uniq_natasha
D:4:      nicolae_overflow_crystal_walls, uniq_duvessa

Skill      XL: |  1  2  3  4  5  6 |
---------------+-------------------+-----
Spellcasting   | 4 5 6 |  6.1
Conjurations   | 2 3 4 5 |  5.2
Dodging        | |  2.4
Stealth        | |  2.4
Ice Magic      | |  3.6

Action                   |  1- 3 |  4- 6 || total
-------------------------+-------+-------++-------
Melee: Short sword       |    13 |     8 ||    21
 Cast: Freeze            |    65 |    70 ||   135
       Throw Frost       |       |    16 ||    16
  Use: Potion            |     1 |       ||     1
       Scroll            |       |     3 ||     3
 Stab: Sleeping          |     5 |     2 ||     7
       Distracted        |       |     1 ||     1
  Eat: Chunk             |     2 |     6 ||     8
Armor: Robe              |    13 |     7 ||    20
Dodge: Dodged            |    32 |    30 ||    62
